[Event "Almaty Open 2019"]
[Site "Almaty"]
[Date "2019.10.14"]
[Round "9.5"]
[White "Amanov, Zhanibek"]
[Black "Makhnev, Denis"]
[Result "*"]
[ECO "C48"]
[WhiteElo "2339"]
[BlackElo "2478"]
[Annotator "RC"]
[PlyCount "106"]
[EventDate "2019.10.07"]
[EventType "swiss"]
[EventCountry "KAZ"]
[SourceTitle "playchess.com"]
[Source "ChessBase"]
[SourceQuality "1"]
[TimeControl "5400+30"]

1. e4 e5 2. Nf3 Nc6 3. Nc3 Nf6 4. Bb5 Bd6 5. a3 a6 6. Bc4 Bc5 7. d3 d6 8. Be3 Bxe3 9. fxe3 Ne7 10. O-O Ng6 11. Qe1 O-O 12. Nh4 Nxh4 13. Qxh4 Be6 14. Bxe6 fxe6 15. d4 exd4 16. exd4 e5 17. dxe5 dxe5 18. Rad1 Qe7 19. Rf5 c6 20. Qg3 Rae8 21. Rdf1 g6 22. h3 Kg7 23. R5f2 Qc5 24. Kh2 Nh5 25. Qh4 Rf4 26. Rxf4 exf4 27. Rd1 Re7 28. Qg4 Qe5 29. Rd7 Kf7 30. Rxe7+ Kxe7 31. Kg1 Kd8 32. Qd1+ Kc7 33. Qd3 Qc5+ 34. Kh2 Nf6 35. b4 Qe5 36. Kg1 g5 37. a4 b5 38. axb5 axb5 39. Kf1 h5 40. Ke2 g4 41. hxg4 hxg4 42. Kd1 Qd6 43. Kc1 Qxb4 44. e5 Nd7 45. e6 Ne5 46. Qh7+ Kb6 47. Qh8 Qxc3 48. Qd8+ Kb7 49. Kd1 f3 50. gxf3 gxf3 51. Qe7+ Ka6 52. Qd8 Qa1+ 53. Kd2 Nc4+ *

[Event "Almaty Open 2019"]
[Site "Almaty"]
[Date "2019.10.14"]
[Round "9.7"]
[White "Serikbay, Chingiz"]
[Black "Hamitevici, Vladimir"]
[Result "1-0"]
[ECO "A40"]
[WhiteElo "2298"]
[BlackElo "2472"]
[Annotator "RC"]
[PlyCount "123"]
[EventDate "2019.10.07"]
[EventType "swiss"]
[EventCountry "KAZ"]
[SourceTitle "playchess.com"]
[Source "ChessBase"]
[SourceQuality "1"]
[TimeControl "5400+30"]

1. d4 g6 2. Nf3 Bg7 3. Bf4 d6 4. e3 Nd7 5. h3 e5 6. Bh2 Ne7 7. Be2 O-O 8. O-O b6 9. c4 Bb7 10. Nc3 Nf5 11. Rc1 Re8 12. Re1 Rc8 13. d5 a5 14. a3 Ra8 15. b4 Nh4 16. Nd2 Bh6 17. Nb3 Bc8 18. bxa5 Nc5 19. g3 Nf5 20. axb6 cxb6 21. Nxc5 bxc5 22. Nb5 Ng7 23. Bf1 Re7 24. f4 Ne8 25. g4 Bg7 26. Bg3 exf4 27. exf4 Rxe1 28. Qxe1 Bd7 29. Rb1 Bf6 30. Rb3 Qb6 31. Kh1 Nc7 32. Nd4 Qa6 33. Nf3 Re8 34. Qb1 Bg7 35. Kg2 Qa4 36. Rb7 Na6 37. Qb3 Qxb3 38. Rxb3 Rb8 39. Rxb8+ Nxb8 40. f5 gxf5 41. gxf5 Bf8 42. Bd3 Be7 43. f6 Bxf6 44. Bxd6 Na6 45. Ne5 Bc8 46. Nc6 Kg7 47. Ne5 Bd8 48. Bc2 h5 49. Ba4 Bc7 50. Bxc7 Nxc7 51. d6 Kf6 52. d7 Bb7+ 53. Kg3 Ne6 54. Nc6 Bxc6 55. Bxc6 Ke7 56. Bd5 Ng7 57. Bxf7 Kxd7 58. Kh4 Ke7 59. Bxh5 Nf5+ 60. Kg5 Nd6 61. Be2 Ke6 62. h4 {[%emt 0:00:28] Kd5 h5+} 1-0

[Event "Almaty Open 2019"]
[Site "Almaty"]
[Date "2019.10.14"]
[Round "9.8"]
[White "Urazayev, Arystanbek"]
[Black "Barsov, Alexei"]
[Result "*"]
[ECO "A06"]
[WhiteElo "2420"]
[BlackElo "2365"]
[Annotator "NA RC"]
[PlyCount "107"]
[EventDate "2019.10.07"]
[EventType "swiss"]
[EventCountry "KAZ"]
[SourceTitle "playchess.com"]
[Source "ChessBase"]
[SourceQuality "1"]
[TimeControl "5400+30"]

1. c4 e6 2. Nf3 d5 3. e3 Nf6 4. b3 c5 5. Bb2 Nc6 6. cxd5 exd5 7. Be2 Bd6 8. O-O O-O 9. d4 cxd4 10. Nxd4 Be6 11. Nc3 Rc8 12. Rc1 Bb8 13. Na4 Ne5 14. f4 Rxc1 15. Qxc1 Neg4 16. h3 Nh6 17. Nc5 Qe7 18. b4 Nf5 19. Bd3 Nd6 20. Rf3 Rc8 21. Qa1 Nfe4 22. Bxe4 Nxe4 23. Ndxe6 fxe6 24. Nxe4 dxe4 25. Rg3 g6 26. a3 a5 27. bxa5 Rc5 28. Bd4 Rxa5 29. Qb1 Rxa3 30. Qxe4 Kf7 31. Rg5 Ba7 32. Rb5 Bxd4 33. Qxd4 Ra8 34. Qb6 Rb8 35. Kh2 Qd7 36. Rb4 Qe7 37. e4 Qd7 38. Rb5 Qe7 39. Rb3 Qd7 40. Rb4 Qe7 41. e5 Qd7 42. Rb5 Qe7 43. Qa7 Qc7 44. Rc5 Qd8 45. Rc6 h5 46. Rd6 Qc7 47. Qd4 Ke7 48. Qf2 Kf7 49. Qd2 Qc4 50. Rd7+ Kg8 51. Rd4 Qc5 52. Qd3 Kh7 53. Rd7+ Kh6 54. Qg3 *

[Event "Almaty Open 2019"]
[Site "Almaty"]
[Date "2019.10.14"]
[Round "9.9"]
[White "Khusenkhojaev, Muhammad"]
[Black "Kenzhalin, Nursultan"]
[Result "*"]
[ECO "D45"]
[WhiteElo "2434"]
[BlackElo "2185"]
[Annotator "NA RC"]
[PlyCount "129"]
[EventDate "2019.10.07"]
[EventType "swiss"]
[EventCountry "KAZ"]
[SourceTitle "playchess.com"]
[Source "ChessBase"]
[SourceQuality "1"]
[TimeControl "5400+30"]

1. Nf3 Nf6 2. c4 c6 3. d4 d5 4. e3 e6 5. Nc3 Nbd7 6. Qc2 Bb4 7. Bd3 O-O 8. O-O h6 9. Rd1 Re8 10. Bd2 Qe7 11. a3 Bd6 12. e4 dxe4 13. Nxe4 Nxe4 14. Bxe4 Nf6 15. Bd3 b6 16. Re1 Bb7 17. Bc3 Rad8 18. Rad1 Qc7 19. c5 Bf8 20. b4 Nd5 21. Bd2 Nf6 22. g3 Qc8 23. Bc4 Ba6 24. Ba2 bxc5 25. bxc5 Qc7 26. Bb1 g6 27. Bf4 Qb7 28. Ne5 Nd5 29. Bd2 Bg7 30. h4 Nf6 31. Bf4 Nh5 32. Be3 Rd5 33. g4 Bxe5 34. dxe5 Ng7 35. Bxh6 Red8 36. Bg5 Rxd1 37. Rxd1 Rxd1+ 38. Qxd1 Be2 39. Qxe2 Qxb1+ 40. Kg2 Qb3 41. Qf3 Qd5 42. Qxd5 exd5 43. Be7 Ne6 44. Kg3 Nd4 45. f4 a5 46. a4 Ne2+ 47. Kf3 Nc3 48. f5 gxf5 49. gxf5 Nxa4 50. e6 fxe6 51. fxe6 Nc3 52. Bf6 Ne4 53. Bd4 Kf8 54. Kf4 Ke7 55. h5 Kxe6 56. h6 Nf6 57. Kg5 Nh7+ 58. Kg6 Nf8+ 59. Kg7 Ke7 60. Kg8 a4 61. Bg7 Ng6 62. h7 a3 63. Bc3 Ke6 64. Kg7 Kf5 65. Bf6 {Kg5 Bc3} *

[Event "Almaty Open 2019"]
[Site "Almaty"]
[Date "2019.10.14"]
[Round "9.10"]
[White "Dauletova, Gulmira"]
[Black "Tologontegin, Semetey"]
[Result "*"]
[ECO "C00"]
[WhiteElo "2259"]
[BlackElo "2384"]
[Annotator "NA RC"]
[PlyCount "77"]
[EventDate "2019.10.07"]
[EventType "swiss"]
[EventCountry "KAZ"]
[SourceTitle "playchess.com"]
[Source "ChessBase"]
[SourceQuality "1"]
[TimeControl "5400+30"]

1. e4 e6 2. d4 b6 3. Bd3 Bb7 4. Nf3 d6 5. c4 Nd7 6. Nc3 g6 7. O-O Bg7 8. Be3 Ne7 9. Rc1 h6 10. b4 O-O 11. d5 c5 12. Nb5 Nc8 13. bxc5 Nxc5 14. Bb1 e5 15. Nd2 a6 16. Nc3 Ne7 17. Nb3 f5 18. Nxc5 bxc5 19. exf5 Nxf5 20. Ne4 Bc8 21. Qd2 Rb8 22. Bd3 Bd7 23. Rb1 Qc7 24. Ng3 Kh7 25. Rxb8 Rxb8 26. Qc2 Qc8 27. Rb1 Rxb1+ 28. Qxb1 Bf6 29. Bd2 Kg7 30. Qb6 Nxg3 31. hxg3 Be7 32. f4 Bf5 33. Bf1 e4 34. Bc3+ Kf7 35. Kf2 h5 36. Qa7 Ke8 37. Qb6 Kf7 38. Qa7 Ke8 39. Qb6 *

[Event "Almaty Open 2019"]
[Site "Almaty"]
[Date "2019.10.14"]
[Round "9.11"]
[White "Moisseyenko, Ilya"]
[Black "Mezentsev, Ivan"]
[Result "0-1"]
[ECO "D37"]
[WhiteElo "2264"]
[BlackElo "2351"]
[Annotator "NA RC"]
[PlyCount "112"]
[EventDate "2019.10.07"]
[EventType "swiss"]
[EventCountry "KAZ"]
[SourceTitle "playchess.com"]
[Source "ChessBase"]
[SourceQuality "1"]
[TimeControl "5400+30"]

1. d4 Nf6 2. Nf3 e6 3. c4 d5 4. Nc3 a6 5. cxd5 exd5 6. Bg5 Be6 7. e3 Bd6 8. Bd3 Nbd7 9. O-O c6 10. a3 Qb8 11. Bh4 O-O 12. Bg3 Bxg3 13. hxg3 Qd6 14. Qc2 Bg4 15. Rac1 Rfe8 16. b4 a5 17. Rb1 b5 18. bxa5 Qxa3 19. Ra1 Qd6 20. a6 Reb8 21. e4 dxe4 22. Nxe4 Qd5 23. Ne5 Rb6 24. Rfc1 Nxe5 25. Nxf6+ gxf6 26. dxe5 Qxe5 27. Bxh7+ Kg7 28. Be4 Bd7 29. a7 Rb7 30. Bxc6 Bxc6 31. Qxc6 Raxa7 32. Rxa7 Rxa7 33. Kh2 Qh5+ 34. Kg1 Qe5 35. Kh2 Qh5+ 36. Kg1 Qe5 37. Qf3 Qg5 38. Rb1 Rc7 39. Qa3 Rc2 40. f4 Qd5 41. Qf3 Qc5+ 42. Kh2 Rc1 43. Qg4+ Kf8 44. Rxc1 Qxc1 45. Qd7 Qc5 46. g4 b4 47. g5 fxg5 48. Qd8+ Kg7 49. fxg5 Qe5+ 50. Kh3 b3 51. g4 b2 52. Qb6 Qc3+ 53. Kg2 Qc2+ 54. Kg3 Qd3+ 55. Kh4 b1=Q 56. Qf6+ Kg8 0-1

[Event "Almaty Open 2019"]
[Site "Almaty"]
[Date "2019.10.14"]
[Round "9.12"]
[White "Nukin, Tolegen"]
[Black "Isanzhulov, Arystan"]
[Result "0-1"]
[ECO "C00"]
[WhiteElo "2104"]
[BlackElo "2305"]
[Annotator "NA RC"]
[PlyCount "96"]
[EventDate "2019.10.07"]
[EventType "swiss"]
[EventCountry "KAZ"]
[SourceTitle "playchess.com"]
[Source "ChessBase"]
[SourceQuality "1"]
[TimeControl "5400+30"]

1. e4 e6 2. d4 b6 3. Bd3 Bb7 4. Be3 d6 5. Ne2 g6 6. c4 Bg7 7. Nbc3 Nc6 8. Bc2 Nf6 9. f3 O-O 10. Qd2 Ba6 11. b3 Nb4 12. Bb1 c5 13. O-O Qe7 14. Rd1 Rfd8 15. Bg5 Qf8 16. d5 exd5 17. exd5 h6 18. Bxf6 Bxf6 19. a3 Bc8 20. Be4 Na6 21. Rab1 Bd7 22. Nb5 Bxb5 23. cxb5 Nc7 24. Bd3 Qg7 25. a4 Re8 26. Bc4 Re7 27. Ng3 Bc3 28. Qc2 Rae8 29. Ne2 Bb4 30. Ng3 Bc3 31. Ne2 Ba5 32. Ng3 Rf8 33. Rd3 Ne8 34. Ne4 f5 35. Ng3 Nf6 36. Ne2 Nh5 37. Rdd1 Qe5 38. Qb2 Qe3+ 39. Kf1 Rfe8 40. Qc1 Qe5 41. Qxh6 Qxh2 42. Qxg6+ Kh8 43. Kf2 Rxe2+ 44. Bxe2 Qh4+ 45. Kg1 Rxe2 46. Qh6+ Kg8 47. Qg6+ Ng7 48. Rd2 Re3 0-1

[Event "Almaty Open 2019"]
[Site "Almaty"]
[Date "2019.10.14"]
[Round "9.13"]
[White "Sisabayev, Kuanysh"]
[Black "Kembayev, Bakhytzhan"]
[Result "*"]
[ECO "C28"]
[WhiteElo "2289"]
[BlackElo "2119"]
[Annotator "NA RC"]
[PlyCount "105"]
[EventDate "2019.10.07"]
[EventType "swiss"]
[EventCountry "KAZ"]
[SourceTitle "playchess.com"]
[Source "ChessBase"]
[SourceQuality "1"]
[TimeControl "5400+30"]

1. e4 e5 2. Bc4 Nc6 3. Nc3 Nf6 4. d3 Bc5 5. Be3 d6 6. Bxc5 dxc5 7. Nge2 O-O 8. O-O Na5 9. Bb3 Nxb3 10. axb3 Nh5 11. f4 Nxf4 12. Nxf4 exf4 13. Rxf4 f5 14. exf5 Rxf5 15. Rxf5 Bxf5 16. Qf3 Qd4+ 17. Kh1 Rf8 18. Rf1 c6 19. Ne4 Qe5 20. Kg1 Qe7 21. Nd2 Rf6 22. Qg3 h6 23. Nc4 Kh7 24. h3 Be6 25. Re1 Rg6 26. Qf4 Qd8 27. Rxe6 Rxe6 28. Qf5+ Rg6 29. Ne5 Qf6 30. Qe4 h5 31. h4 Kh6 32. Nxg6 Qxg6 33. Qe3+ Kh7 34. Qxc5 Qg4 35. Qf2 Qd1+ 36. Kh2 Qg4 37. g3 a6 38. Kg2 Qd1 39. b4 g6 40. Qf7+ Kh6 41. Qf2 Kh7 42. d4 Kg8 43. c3 Qd3 44. Kh2 Kg7 45. Qg2 Qd1 46. g4 hxg4 47. Kg3 Kh6 48. Qe4 Qg1+ 49. Kf4 g3 50. Kg4 Qf2 51. Qf3 Kg7 52. b3 Kh7 53. c4 *

[Event "Almaty Open 2019"]
[Site "Almaty"]
[Date "2019.10.14"]
[Round "9.14"]
[White "Bizhigitov, Zhangir"]
[Black "Zhukenov, Aituar"]
[Result "0-1"]
[ECO "C00"]
[WhiteElo "2018"]
[BlackElo "2196"]
[Annotator "NA RC"]
[PlyCount "146"]
[EventDate "2019.10.07"]
[EventType "swiss"]
[EventCountry "KAZ"]
[SourceTitle "playchess.com"]
[Source "ChessBase"]
[SourceQuality "1"]
[TimeControl "5400+30"]

1. e4 e6 2. Qe2 c5 3. Nf3 Nc6 4. g3 g6 5. Bg2 Bg7 6. c3 Nge7 7. Na3 O-O 8. O-O d5 9. d3 d4 10. cxd4 cxd4 11. e5 b6 12. Nc4 Ba6 13. b3 b5 14. Nd6 Nd5 15. Ne4 Nc3 16. Nxc3 dxc3 17. Be3 b4 18. Rfd1 Qa5 19. Bf4 Rfd8 20. Qc2 Rd5 21. d4 Rad8 22. Be3 Bb5 23. h4 Qa6 24. a3 Be2 25. Rdc1 Bd3 26. Bf1 Bxc2 27. Bxa6 Be4 28. Ng5 Nxd4 29. Nxe4 Nxb3 30. axb4 Nxa1 31. Nxc3 Nb3 32. Rb1 Nd2 33. Nxd5 Nxb1 34. Ne7+ Kh8 35. Nc6 Rd1+ 36. Kg2 Nc3 37. Bxa7 Rb1 38. Bd4 Nd5 39. Bc5 f6 40. Bd3 Rb2 41. exf6 Bxf6 42. b5 Kg7 43. Kf1 Kf7 44. Bc4 Rc2 45. Bxd5 Rxc5 46. b6 Rb5 47. b7 exd5 48. b8=Q Rxb8 49. Nxb8 Ke6 50. Na6 Be7 51. Nc7+ Ke5 52. Ke2 Bd8 53. Nb5 Bb6 54. Nc3 Bd4 55. Nd1 Ke4 56. f3+ Ke5 57. Kd3 Bg1 58. Ne3 h5 59. g4 Bxe3 60. gxh5 Bh6 61. hxg6 Bg7 62. h5 Kf5 63. f4 Bf6 64. Ke3 Bg7 65. Kd3 Ba1 66. Ke3 Kf6 67. Kf3 Kg7 68. Kg4 Kh6 69. Kf5 Bg7 70. Kg4 d4 71. f5 Be5 72. Kf3 Kxh5 73. Ke4 Bg7 0-1

[Event "Almaty Open 2019"]
[Site "Almaty"]
[Date "2019.10.14"]
[Round "9.15"]
[White "Malygin, Vladislav"]
[Black "Bekturov, Tamerlan"]
[Result "*"]
[ECO "B12"]
[WhiteElo "1941"]
[BlackElo "2226"]
[Annotator "NA RC"]
[PlyCount "142"]
[EventDate "2019.10.07"]
[EventType "swiss"]
[EventCountry "KAZ"]
[SourceTitle "playchess.com"]
[Source "ChessBase"]
[SourceQuality "1"]
[TimeControl "5400+30"]

1. e4 c6 2. d4 d5 3. Nd2 g6 4. c3 Bg7 5. Ngf3 Nh6 6. Bd3 O-O 7. O-O f6 8. Re1 Nf7 9. c4 e6 10. Qb3 b6 11. Nf1 Bb7 12. exd5 exd5 13. Bf4 a5 14. Rac1 a4 15. Qa3 Re8 16. Bc7 Rxe1 17. Rxe1 Qc8 18. cxd5 Bf8 19. d6 Nd7 20. Qc3 Nxd6 21. Bxd6 Bxd6 22. Qc4+ Kg7 23. Qe6 Qc7 24. Ng3 Nf8 25. Qg4 Kh8 26. Qh4 Qg7 27. Ne4 Be7 28. Qg3 Bb4 29. Rc1 a3 30. b3 Rd8 31. Qf4 Ne6 32. Qh4 Be7 33. Bc4 Nxd4 34. Nxd4 Rxd4 35. Qf4 Bf8 36. Qe3 c5 37. f3 Bxe4 38. fxe4 Qh6 39. Qxh6 Bxh6 40. Re1 Rd2 41. Re2 Rd1+ 42. Kf2 Ra1 43. Kf3 Rd1 44. e5 fxe5 45. Rxe5 Bc1 46. b4 cxb4 47. Rb5 Rd4 48. Be6 Rd6 49. Bc4 Bd2 50. Ke4 Bc3 51. Rd5 Rc6 52. Kd3 Kg7 53. g4 h6 54. h4 Rf6 55. h5 g5 56. Rd7+ Kf8 57. Rh7 Rd6+ 58. Ke3 Bg7 59. Bb3 Rf6 60. Bc4 Rf4 61. Be6 b3 62. Bxb3 Rxg4 63. Kf3 Rf4+ 64. Ke3 b5 65. Bd5 b4 66. Bb3 Rh4 67. Be6 b3 68. Bxb3 Rh3+ 69. Ke4 Rxb3 70. Kf5 Rf3+ 71. Kg6 Rf6# *

[Event "Almaty Open 2019"]
[Site "Almaty"]
[Date "2019.10.14"]
[Round "9.16"]
[White "Zhakshylykov, Erzhan"]
[Black "Kairbekova, Amina"]
[Result "0-1"]
[ECO "B47"]
[WhiteElo "1999"]
[BlackElo "2096"]
[Annotator "NA RC"]
[PlyCount "75"]
[EventDate "2019.10.07"]
[EventType "swiss"]
[EventCountry "KAZ"]
[SourceTitle "playchess.com"]
[Source "ChessBase"]
[SourceQuality "1"]
[TimeControl "5400+30"]

1. e4 c5 2. Nf3 e6 3. d4 cxd4 4. Nxd4 Nc6 5. Nc3 Qc7 6. Be2 Nf6 7. O-O a6 8. Be3 Bb4 9. Nxc6 bxc6 10. Bd3 O-O 11. Na4 d5 12. Nb6 Rb8 13. Nxc8 Qxc8 14. exd5 Nxd5 15. Bd4 f6 16. Qh5 h6 17. Qg6 Nf4 18. Qh7+ Kf7 19. Bc4 Ng6 20. Bd3 Nf4 21. Bc4 Bd6 22. Rfe1 Rb4 23. b3 Rxc4 24. bxc4 Ng6 25. Bxf6 Kxf6 26. Re3 Rh8 27. Rf3+ Bf4 28. Rxf4+ Nxf4 29. Qe4 g5 30. g3 Ng6 31. Rd1 Rd8 32. Rxd8 Qxd8 33. Qxc6 Qd1+ 34. Kg2 Qxc2 35. c5 Ne5 36. Qa8 Qxc5 37. Qh8+ Ke7 38. Qxh6 0-1

[Event "Almaty Open 2019"]
[Site "Almaty"]
[Date "2019.10.14"]
[Round "9.17"]
[White "Nurgaliyev, Sauat"]
[Black "Balabayeva, Xeniya"]
[Result "1-0"]
[ECO "B33"]
[WhiteElo "1995"]
[BlackElo "1986"]
[Annotator "NA RC"]
[PlyCount "89"]
[EventDate "2019.10.07"]
[EventType "swiss"]
[EventCountry "KAZ"]
[SourceTitle "playchess.com"]
[Source "ChessBase"]
[SourceQuality "1"]
[TimeControl "5400+30"]

1. e4 c5 2. Nf3 Nc6 3. d4 cxd4 4. Nxd4 Nf6 5. Nc3 e6 6. Ndb5 Bc5 7. Nd6+ Ke7 8. Bf4 e5 9. Nf5+ Kf8 10. Bg5 d6 11. Bc4 h6 12. Bxf6 Qxf6 13. Ne3 Be6 14. O-O Qg6 15. Bb3 h5 16. Kh1 Nd4 17. Bxe6 fxe6 18. Na4 Ke7 19. Nxc5 dxc5 20. c3 Nc6 21. Qb3 b6 22. Qa4 Rac8 23. Rad1 Rhf8 24. Rd2 Rf4 25. f3 Rc7 26. Rfd1 Qe8 27. Rd6 Qc8 28. Nc4 Rf6 29. R6d2 g5 30. Nd6 Qa8 31. Nb5 Rb7 32. Nd6 Rc7 33. Rd3 a6 34. Nb5 Rb7 35. Rd6 Qc8 36. Qxa6 g4 37. R6d3 Qb8 38. Nd6 Rc7 39. Nc4 Rb7 40. Qb5 Qc7 41. Nxb6 Rxb6 42. Rd7+ Ke8 43. Qxc5 Qb8 44. Rh7 Rf8 45. Rdd7 1-0

[Event "Almaty Open 2019"]
[Site "Almaty"]
[Date "2019.10.14"]
[Round "9.18"]
[White "Baimurzin, Aitkazy"]
[Black "Igen, Amir"]
[Result "0-1"]
[ECO "B50"]
[WhiteElo "2036"]
[BlackElo "1934"]
[Annotator "NA RC"]
[PlyCount "66"]
[EventDate "2019.10.07"]
[EventType "swiss"]
[EventCountry "KAZ"]
[SourceTitle "playchess.com"]
[Source "ChessBase"]
[SourceQuality "1"]
[TimeControl "5400+30"]

1. e4 c5 2. Nf3 d6 3. c3 Nf6 4. Bd3 Nc6 5. Bc2 Bg4 6. h3 Bh5 7. d3 e5 8. Be3 d5 9. Nbd2 Be7 10. g4 Bg6 11. Nh4 d4 12. cxd4 cxd4 13. Bg5 Nd7 14. Bxe7 Qxe7 15. Nf5 Bxf5 16. exf5 Nc5 17. Qf3 Nb4 18. Bb1 O-O-O 19. a3 Nd5 20. Ba2 Nf4 21. Rc1 Kb8 22. Bc4 h5 23. Rg1 hxg4 24. hxg4 Rh3 25. Rg3 Rdh8 26. b4 Rh1+ 27. Nf1 Na4 28. g5 Nc3 29. Rc2 Qd7 30. f6 gxf6 31. gxf6 Qa4 32. Rxc3 dxc3 33. Qe4 Rxf1+ 0-1